 Dungeon Sprint DCSS version 0.19-a0-895-gdbd5520 (webtiles) character file.

1039 LORDOFBUTT the Cleaver (level 8, -1/100 HPs)
             Began as a Demonspawn Gladiator on July 4, 2016.
             Was an Initiate of Gozag.
             Slain by a 12-headed hydra (5 damage)
             ... in the Dungeon (Sprint IX: "|||||||||||||||||||||||||||||").
             The game lasted 00:02:06 (1065 turns).

LORDOFBUTT the Cleaver (Demonspawn Gladiator)       Turns: 1065, Time: 00:02:07

Health: -1/100     AC: 12    Str: 20    XL:     8   Next: 4%
Magic:  0/8        EV: 14    Int: 10    God:    Gozag
Gold:   114        SH:  0    Dex: 16    Spells: 0 memorised, 7 levels left

rFire  . . .     SeeInvis +     t - +3 war axe (freeze)
rCold  . . .     Gourm    .     q - +1 chain mail {rN+}
rNeg   + . .     Faith    .     (no shield)
rPois  .         Spirit   +     (helmet unavailable)
rElec  .         Dismiss  .     r - +0 cloak
rCorr  .         Reflect  .     (no gloves)
SustAt .         Harm     .     s - +0 pair of boots
MR     .....     NoTele   +     (no amulet)
Stlth  ..........               (no ring)
                                (no ring)

@: berserking, gold aura, very quick, not resistant to hostile enchantments,
extremely unstealthy
A: antennae 3, demonic guardian 1, magic shield, sturdy frame 1
a: Potion Petition, Call Merchant, Bribe Branch, Renounce Religion


You were in the Dungeon.
You worshipped Gozag.
Gozag was noncommittal.
You were not hungry.

You visited 1 branch You collected 114 gold pieces.

Inventory:

Hand Weapons
 a - a +0 war axe
 t - a +3 war axe of freezing (weapon)
Missiles
 d - 3 throwing nets (quivered)
Armour
 b - a +0 leather armour
 c - a +0 helmet
 q - a +1 chain mail of positive energy (worn)
 r - a +0 cloak (worn)
 s - a +0 pair of boots (worn)
Jewellery
 o - a +3 ring of dexterity
 p - a +3 ring of strength
Wands
 n - a wand of lightning (7/15)
Scrolls
 k - 3 scrolls of blinking
 l - 5 scrolls of remove curse
 m - 2 scrolls of amnesia
 x - a scroll of fear
 y - a scroll of identify
Potions
 e - 6 potions of curing
 f - a potion of cure mutation
 g - 5 potions of heal wounds
 h - a potion of haste
 i - 4 potions of magic
 j - a potion of invisibility
 u - a potion of resistance
Comestibles
 w - a bread ration


   Skills:
 + Level 7.2 Fighting
 + Level 10.3 Axes
 + Level 4.7 Throwing
 + Level 3.8 Armour
 + Level 9.8 Dodging


You had 7 spell levels left.
You didn't know any spells.

Dungeon Overview and Level Annotations

Branches:
Dungeon (1/1)

Altars:
Cheibriados
Dithmenos
Elyvilon
Fedhas
Gozag
Hepliaklqana
Kikubaaqudgha
Makhleb
Nemelex Xobeh
Okawaru
Pakellas
Qazlal
Ru
Sif Muna
Trog
Uskayaw
Vehumet
Xom
Yredelemnul
Zin
The Shining One
Beogh
Jiyva
Lugonu


Innate Abilities, Weirdness & Mutations

You have a pair of large antennae on your head. (SInv)
A weak demonic guardian rushes to your aid.
When hurt, damage is shared between your health and your magic reserves.
Your movements are slightly less encumbered by armour. (ER -2)


Message History

The 11-headed hydra bites you but does no damage.
The 11-headed hydra bites you!
* * * LOW HITPOINT WARNING * * *
The 11-headed hydra completely misses you.
The 11-headed hydra misses you. x2; The 11-headed hydra closely misses you.
The 11-headed hydra bites you but does no damage.
You barely miss the 11-headed hydra.
The 11-headed hydra is heavily wounded.
You hack one of the 11-headed hydra's heads off!
The ten-headed hydra grows two more!
You slash the 12-headed hydra! You freeze the 12-headed hydra.
The 12-headed hydra is heavily wounded.
The 12-headed hydra bites you.
* * * LOW HITPOINT WARNING * * *
The 12-headed hydra bites you but does no damage.
The 12-headed hydra misses you. The 12-headed hydra bites you!
* * * LOW HITPOINT WARNING * * *
The 12-headed hydra closely misses you. The 12-headed hydra bites you.
You die...
Your body crumbles into a pile of gold. { {{{{{{{{{{{ {{{{{{{{{{{{{ { ▓▓▓▓▓▓▓▓▓▓▓▓▓▓▓▓▓▓▓▓▓▓▓▓ {{{{{{{

{rYlFhYD@$......|......'.
▓▓▓▓▓▓▓▓▓▓▓▓▓▓▓▓▓▓▓▓▓▓▓▓▓▓▓▓▓▓▓▓▓
.................................
▓▓▓▓▓▓▓▓▓▓▓▓▓▓▓▓▓▓▓▓▓▓▓▓▓▓▓▓▓▓▓▓▓
______________________'.....'...÷
▓▓▓▓▓▓▓▓▓▓▓▓▓▓▓▓▓▓▓▓▓▓▓▓▓▓▓▓▓▓▓▓▓


You could see a 12-headed hydra, a komodo dragon, a yak, a wolf, a giant frog, a
porcupine and a sheep.

Vanquished Creatures
  A troll (D)
  A wraith (D)
  A yak (D)
  A water moccasin (D)
  A sky beast (D)
  A necrophage (D)
  An ogre (D)
  A giant frog (D)
  A scorpion (D)
  An orc wizard (D)
  A worker ant (D)
  A river rat (D)
  A shadow imp (D)
  A giant gecko (D)
  A bat skeleton (D)
  2 bat zombies (D)
  2 giant newts (D)
  2 kobolds (D)
21 creatures vanquished.

Vanquished Creatures (collateral kills)
  A worker ant (D)
  An orc (D)
2 creatures vanquished.

Grand Total: 23 creatures vanquished

Notes
Turn   | Place    | Note
-------+----------+-------------------------------------------
     0 | D        | LORDOFBUTT the Demonspawn Gladiator began the quest for the Orb.
     0 | D        | Reached XP level 1. HP: 16/16 MP: 1/1
     5 | D        | Reached skill level 3 in Axes
    16 | D        | Noticed a worker ant
    16 | D        | Noticed a sky beast
    16 | D        | Noticed a scorpion
    26 | D        | Killed a scorpion
    26 | D        | Reached skill level 5 in Axes
    26 | D        | Gained mutation: When hurt, damage is shared between your health and your magic reserves. [demonic ancestry]
    26 | D        | Reached XP level 2. HP: 24/24 MP: 2/2
    26 | D        | Gained mutation: Your movements are slightly less encumbered by armour. (ER -2) [demonic ancestry]
    26 | D        | Reached XP level 3. HP: 29/29 MP: 3/3
    32 | D        | Killed a sky beast
    32 | D        | Reached skill level 6 in Axes
    32 | D        | Gained mutation: You have a pair of small antennae on your head. [demonic ancestry]
    32 | D        | Reached XP level 4. HP: 31/38 MP: 4/4
    32 | D        | Gained mutation: A weak demonic guardian rushes to your aid. [demonic ancestry]
    32 | D        | Reached XP level 5. HP: 35/43 MP: 5/5
    41 | D        | Reached skill level 7 in Axes
   333 | D        | Found a glowing silver altar of Zin.
   333 | D        | Found a glowing golden altar of the Shining One.
   333 | D        | Found an ancient bone altar of Kikubaaqudgha.
   333 | D        | Found a basalt altar of Yredelemnul.
   333 | D        | Found a shimmering altar of Xom.
   333 | D        | Found a radiant altar of Vehumet.
   334 | D        | Found an iron altar of Okawaru.
   335 | D        | Found a burning altar of Makhleb.
   336 | D        | Found a deep blue altar of Sif Muna.
   337 | D        | Found a bloodstained altar of Trog.
   338 | D        | Found a sparkling altar of Nemelex Xobeh.
   339 | D        | Found a white marble altar of Elyvilon.
   340 | D        | Found a roughly hewn altar of Beogh.
   341 | D        | Found a viscous altar of Jiyva.
   342 | D        | Found a corrupted altar of Lugonu.
   343 | D        | Found a blossoming altar of Fedhas.
   344 | D        | Found a snail-covered altar of Cheibriados.
   345 | D        | Found a shadowy altar of Dithmenos.
   346 | D        | Found a stormy altar of Qazlal.
   347 | D        | Found an opulent altar of Gozag.
   348 | D        | Found a sacrificial altar of Ru.
   349 | D        | Found an oddly glowing altar of Pakellas.
   350 | D        | Found a hide-covered altar of Uskayaw.
   351 | D        | Found a hazy altar of Hepliaklqana.
   363 | D        | Became a worshipper of Gozag Ym Sagoz the Greedy
   423 | D        | Noticed a wraith
   423 | D        | Noticed a yak
   423 | D        | Noticed a troll
   423 | D        | Noticed an ogre
   423 | D        | Noticed a necrophage
   429 | D        | Killed a necrophage
   429 | D        | Reached skill level 5 in Fighting
   429 | D        | Reached skill level 1 in Armour
   431 | D        | Reached XP level 6. HP: 50/51 MP: 6/6
   438 | D        | Reached skill level 8 in Axes
   443 | D        | Killed a troll
   443 | D        | Reached skill level 9 in Axes
   443 | D        | Gained mutation: You have a pair of antennae on your head. [demonic ancestry]
   443 | D        | Reached XP level 7. HP: 36/58 MP: 4/7
   453 | D        | Killed a yak
   458 | D        | Killed a wraith
   752 | D        | Reached skill level 10 in Axes
   787 | D        | Gained mutation: You have a pair of large antennae on your head. (SInv) [demonic ancestry]
   787 | D        | Reached XP level 8. HP: 36/67 MP: 6/8
  1053 | D        | Noticed a komodo dragon
  1053 | D        | Noticed a six-headed hydra
  1065 | D        | HP: 4/100 [12-headed hydra (12)]
  1065 | D        | Slain by a 12-headed hydra

Vault maps used:
D:        linesprint

Skill      XL: |  1  2  3  4  5  6  7 |
---------------+----------------------+-----
Axes           | 5 6 7 9 10 | 10.3
Dodging        | 4 6 7 8 9 |  9.8
Throwing       | 2 3 4 |  4.7
Fighting       | 3 4 5 6 7 |  7.2
Armour         | 1 2 3 |  3.8

Action                   |  1- 3 |  4- 6 |  7- 9 || total
-------------------------+-------+-------+-------++-------
Melee: War axe           |    21 |    23 |    40 ||    84
  Use: Potion            |     1 |       |     1 ||     2
  Eat: Bread ration      |       |       |     1 ||     1
Armor: Leather armour    |     2 |       |       ||     2
       Chain mail        |       |     8 |    23 ||    31
Dodge: Dodged            |    17 |    16 |    26 ||    59
